[Event "I Liga Centralne Srbije"]
[Site "Bajina Bašta, Serbia"]
[Date "2020.10.15"]
[Round "8.1"]
[White "Ivic, Velimir"]
[Black "Delchev, Aleksander"]
[Result "1-0"]
[ECO "C97"]
[WhiteElo "2548"]
[BlackElo "2548"]
[Annotator "Knez"]
[PlyCount "159"]
[EventDate "2020.??.??"]
[TimeControl "90"]

1. e4 e5 2. Nf3 Nc6 3. Bb5 a6 4. Ba4 Nf6 5. O-O Be7 6. Re1 b5
7. Bb3 d6 8. c3 O-O 9. h3 Na5 10. Bc2 c5 11. d4 Qc7 12. d5 Bd7 13. b3 Nb7 14.
c4 Ne8 15. Nc3 b4 16. Ne2 g6 17. Nh2 Ng7 18. f4 exf4 19. Bxf4 a5 20. Nf3 f6 21. Qd2 Nd8 22. Rf1 Nf7 23. Rf2 a4 24. Raf1 axb3 25. axb3 Ne5 26. Nc1 Rae8 27. Nd3 Nf7 28. Re1 Bd8 29. Bd1 Bc8 30. Bh2 Ne5 31.
Bc2 Nf7 32. Kh1 Ne5 33. Rff1 Qe7 34. Bd1 Rf7 35. Nf2 Ref8 36. Kg1 Qc7 37. Bf4 Nh5 38. Bh2 Ng7 39. Nd3 Qe7 40. Bf4 Qc7 41. Nh2 Re8 42. Ng4 Bxg4 43. Bxg4 Rfe7 44. Nf2 Nf7 45. Bf3 Ne5 46. Bd1 Nf7 47. Bc2 Ne5 48. Ng4 Nxg4 49. hxg4 Rf8 50. Ra1 Qd7 51. Qd1 Ree8 52. Qf3 Be7 53. Ra6 Ra8 54. Rfa1 Qb7 55. Rxa8 Rxa8 56. Rf1 Rf8 57. Bh6 Rf7 58. Qh3 Bf8 59. Ra1 Ne8 60. Bf4 Qc8 61. Qf3 Ng7 62. Qg3 Ne8 63. Bd1 Be7 64. Bf3 Qb7 65. Qf2 Nc7 66. Qd2 Rf8 67. Re1 Qc8 68. Kf2 Na6 69. g5 fxg5 70. Bxg5 Bxg5 71. Qxg5 Qd8 72. Qxd8 Rxd8 73. e5 Nc7 74. exd6 Ne8 75. d7 Nf6 76. Re6 Kf7 77. Rc6 Nxd7 78. Kg3 Ra8 79. Rc7 Ke8 80. d6 1-0

[Event "I Liga Centralne Srbije"]
[Site "Bajina Bašta, Serbia"]
[Date "2020.10.15"]
[Round "8.1"]
[White "Radovanovic, Mihajlo"]
[Black "Perunovic, Miodrag"]
[Result "1/2-1/2"]
[ECO "D26"]
[WhiteElo "2457"]
[BlackElo "2440"]
[Annotator "Knez"]
[PlyCount "66"]
[EventDate "2020.??.??"]
[TimeControl "90"]
[WhiteClock "0:03:21"]
[BlackClock "0:11:35"]

1. Nf3 d5 2. d4 Nf6 3. c4 e6 4. Nc3 dxc4 5. e3 a6 6. Bxc4 b5 7. Bb3 Bb7 8. O-O Nbd7 9. e4 b4 10. e5 bxc3 11. exf6 cxb2 12. Bxb2 Qxf6 13. d5 Qxb2 14. dxe6 fxe6 15. Rb1 Qc3 16. Bxe6 O-O-O 17. Rxb7 Kxb7 18. Bxd7 Bc5 19. Qd5+ Ka7 20. Ne5 Rxd7 21. Nc6+ Ka8 22. Qxd7 Qf6 23. Qd5 Qd6 24. Qe4 Rf8 25. Na5+ c6 26. Nxc6 Bxf2+ 27. Kh1 Qf4 28. Qd3 Qa4 29. Ne7 Qb5 30. Qe4+ Qb7 31. Nc6 Rc8 32. Rc1 Bb6 33. a4 h6 1/2-1/2

[Event "I Liga Centralne Srbije"]
[Site "Bajina Bašta, Serbia"]
[Date "2020.10.15"]
[Round "8.1"]
[White "Pavlovic, Dejan S"]
[Black "Radovanovic, Nikola"]
[Result "0-1"]
[ECO "A45"]
[WhiteElo "2390"]
[BlackElo "2377"]
[Annotator "Knez"]
[PlyCount "82"]
[EventDate "2020.??.??"]
[TimeControl "90"]

1. d4 Nf6 2. Bg5 Ne4 3. Bf4 c5 4. f3 Nf6 5. dxc5 b6 6. Nc3 bxc5 7. e4 Nc6 8. Bb5 Bb7 9. Qd2 e6 10. O-O-O Be7 11. Nge2 a6 12. Ba4 O-O 13. Bd6 Bxd6 14. Qxd6 Qa5 15. Bb3 Rad8 16. a3 Ne8 17. Qg3 Qc7 18. f4 f5 19. e5 Na5 20. Ba2 Bc6 21. Qf2 Qb6 22. Rd2 Rb8 23.
Nd1 Nc7 24. Nec3 Kh8 25. Rg1 Nb7 26. g4 fxg4 27. Rxg4 Nb5 28. Qg3 Nd4 29. Qh3 Nf5 30. Bc4 Na5 31. Bd3 c4 32. Bxf5 Rxf5 33.
Rh4 h6 34. Qg3 Rbf8 35. Ne3 R5f7 36. Rd1 Rb8 37. Kd2 Qxb2 38. Qg6 Nb3+ 39. Ke2 Qxc3 40. cxb3 Rxb3 41. Rd2 Qxe3+ {[%emt 0:00:09] Rd1 [%emt 00:00:10] Qc3 [%emt 00:00:10]}
0-1

[Event "I Liga Centralne Srbije"]
[Site "Bajina Bašta, Serbia"]
[Date "2020.10.15"]
[Round "8.1"]
[White "Radovic, Janko"]
[Black "Radovanovic, Dusan"]
[Result "1-0"]
[ECO "B51"]
[WhiteElo "2433"]
[BlackElo "2326"]
[Annotator "Knez"]
[PlyCount "85"]
[EventDate "2020.??.??"]
[TimeControl "90"]
[WhiteClock "0:00:31"]
[BlackClock "0:01:08"]

1. e4 c5 2. Nf3 d6 3. Bb5+ Nd7 4. a4 Ngf6 5. Nc3 e6 6. O-O Be7 7. Re1 O-O 8. d4 cxd4 9. Nxd4 a6 10. Bf1 Qc7 11. a5 Ne5 12. Nb3 Nc6 13.
Be3 Nd7 14. Na4 Rb8 15. Qd2 Nce5 16. f3 Kh8 17. Kh1 Rg8 18.
f4 Ng4 19. Ba7 Ra8 20. Bg1 g5 21. g3 gxf4 22. gxf4 e5 23. Re2 exf4 24. Qxf4 Nde5 25. Nb6 Rb8 26. Nd5 Qd8 27. Nxe7 Qxe7 28. Nd4 Qh4 29. Ra3 Bd7 30. Nf5 Bxf5 31. Qxf5 Rg6 32. Rh3 Qe7 33. Rg2 Rbg8 34. Bd4 f6 35. Qf4 Nc6 36. Bb6 Qe6 37. Rhg3 Nge5 38. b3 Rxg3 39. Rxg3 Rg6 40. Bh3 Qe7 41. Bf5 Rg5 42. Qh4 Ng6 43. Bxg6 1-0

[Event "I Liga Centralne Srbije"]
[Site "Bajina Bašta, Serbia"]
[Date "2020.10.15"]
[Round "8.1"]
[White "Radivojevic, Ivan"]
[Black "Radovic, Luka"]
[Result "1/2-1/2"]
[ECO "B23"]
[WhiteElo "2365"]
[BlackElo "2334"]
[Annotator "Knez"]
[PlyCount "74"]
[EventDate "2020.??.??"]
[TimeControl "90"]
[WhiteClock "0:00:45"]
[BlackClock "0:01:54"]

1. e4 c5 2. Nc3 Nc6 3. Bb5 g6 4. Bxc6 dxc6 5. d3 Nf6 6.
Be3 e5 7. h3 Nd7 8. Qd2 h6 9. O-O-O Bg7 10. f4 exf4 11. Bxf4 Ne5 12. Nce2 Qe7 13. Kb1 Be6 14. Nf3 Nxf3 15. gxf3 b6 16. Qe1 O-O-O 17. Bc1 Kb7 18. Qg3 Qd6 19. Bf4 Qe7 20. Bd2 c4 21. Bc3 cxd3 22. cxd3 Bxc3 23. Nxc3 Qc5 24. h4 Rd7 25. h5 g5 26. f4 gxf4 27. Qxf4 Qg5 28. Qxg5 hxg5 29. Kc2 f5 30. Rdg1 g4 31. Rf1 g3 32. Rhg1 Rxh5 33. Rxg3 Rh2+ 34. Kb1 fxe4 35. Nxe4 Bd5 36. Nc3 Re7 37. Rfg1 Rf7 1/2-1/2

[Event "I Liga Centralne Srbije"]
[Site "Bajina Bašta, Serbia"]
[Date "2020.10.15"]
[Round "8.1"]
[White "Zlatanovic, Boroljub"]
[Black "Marcetic, Nikola"]
[Result "1/2-1/2"]
[ECO "A38"]
[WhiteElo "2372"]
[BlackElo "2329"]
[Annotator "Knez"]
[PlyCount "125"]
[EventDate "2020.??.??"]
[TimeControl "90"]
[WhiteClock "0:01:29"]
[BlackClock "0:12:56"]

1. c4 c5 2. g3 Nc6 3. Bg2 g6 4. Nc3 Bg7 5. Nf3 d6 6. d3 a6 7. Bd2 Rb8 8. a3 Nf6 9. O-O O-O 10. Rb1 b5 11. cxb5 axb5 12. b4 cxb4 13. axb4 Bg4 14. h3 Bxf3 15. Bxf3 d5 16. Bf4 e5 17. Bg5 Ne7 18. Qb3 d4 19. Bxf6 Bxf6 20. Ne4 Nc8 21. Qd5 Kg7 22. Nc5 Qxd5 23. Bxd5 Rd8 24. Bc6 Ne7 25. Bf3 Nd5 26. Bxd5 Rxd5 27. Rfc1 Be7 28. Na6 Rb6 29. Ra1 Rdd6 30. Nc7 Rd7 31. Ra7 Kh6 32. Nxb5 Rxa7 33. Nxa7 Bxb4 34. Nc6 Bd6 35. Na5 Kg7 36. Nc4 Rc6 37. Ra1 Bc7 38. Ra7 e4 39. Kg2 h5 40. Nd2 exd3 41. exd3 Bd8 42. Nc4 Rc7 43. Ra8 Rd7 44. Ne5 Rd5 45. f4 Bf6 46. Nc4 Bd8 47. Ra7 Rc5 48. Rd7 Ba5 49. Kf3 Rc7 50. Rxd4 Bc3 51. Rd5 Ra7 52. g4 hxg4+ 53. hxg4 Kf8 54. Nb6 Ra1 55. f5 Rf1+ 56. Ke3 Re1+ 57. Kf2 Rb1 58. Nc4 Kg7 59. Nd6 Rb4 60. f6+ Kf8 61. Ne4 Bxf6 62. Nxf6 Rf4+ 63. Kg3 1/2-1/2

[Event "I Liga Centralne Srbije"]
[Site "Bajina Bašta, Serbia"]
[Date "2020.10.15"]
[Round "8.3"]
[White "Dimitrov, Radoslav"]
[Black "Celik, Hasan Huseyin"]
[Result "1-0"]
[ECO "D61"]
[WhiteElo "2507"]
[BlackElo "1970"]
[Annotator "Knez"]
[PlyCount "67"]
[EventDate "2020.??.??"]
[TimeControl "90"]
[WhiteClock "0:18:59"]
[BlackClock "0:20:17"]

1. d4 d5 2. c4 c6 3. Nf3 e6 4. Qc2 Nf6 5. Bg5 Be7 6. e3 O-O 7. Nc3 Nbd7 8.
Rd1 h6 9. Bh4 b6 10. Bd3 Bb7 11. O-O Rc8 12. Bxf6 Nxf6 13. e4 dxe4 14. Nxe4 Qc7 15. c5 Rfd8 16. b4 Nxe4 17. Bxe4 a5 18. a3 axb4 19. axb4 bxc5 20. dxc5 Ba6 21. Rxd8+ Rxd8 22. Rd1 Rb8 23.
Ra1 Bb5 24. Nd4 Qe5 25. Rd1 Qc7 26. g3 Bf8 27. Rd2 Qe5 28.
Nxb5 Rxb5 29. Rd8 g5 30. Qc4 Qa1+ 31. Kg2 Qb2 32. Bc2 Rxb4 33. Qd3 Qg7 34. Rxf8+ 1-0

[Event "I Liga Centralne Srbije"]
[Site "Bajina Bašta, Serbia"]
[Date "2020.10.15"]
[Round "8.3"]
[White "Radovanovic, Jovica"]
[Black "Gavrilovic, Leonardo"]
[Result "1-0"]
[ECO "E13"]
[WhiteElo "2303"]
[BlackElo "2246"]
[Annotator "Knez"]
[PlyCount "85"]
[EventDate "2020.??.??"]
[TimeControl "90"]

1. d4 Nf6 2. c4 e6 3. Nc3 Bb4 4. Nf3 b6 5. Bg5 Bb7 6. e3 h6 7. Bh4 O-O 8. Bd3 c5 9. O-O cxd4 10.
exd4 Bxc3 11. bxc3 d6 12. Re1 Nbd7 13. Nd2 Qc7 14. a4 d5 15. Bg3 Qc6 16. f3 a5 17. Rc1 dxc4 18. Bxc4 Ba6 19. Bb3 Nh5 20. Ne4 Nxg3 21. hxg3 Bc4 22. g4 Rfd8 23. Qc2 Nf8 24. Bxc4 Qxc4 25. Nd2 Qc7 26. Ne4 Ng6 27. Qf2 Nf4 28. Qf1 Rac8 29. Nd2 Qc6 30. Re4 Nd5 31. Ree1 Qxa4 32. Qd3 Qc6 33. Kh1 Rd7 34. Ne4 Qc7 35. g5 Nf4 36. Qe3 hxg5 37. g3 Nd5 38. Qxg5 Qd8 39. Qh5 Nf6 40. Nxf6+ Qxf6 41. Kg2 Rd5 42. Qh2 Kf8 43. Qh8+ 1-0

[Event "I Liga Centralne Srbije"]
[Site "Bajina Bašta, Serbia"]
[Date "2020.10.15"]
[Round "8.6"]
[White "Budisavljevic, Luka"]
[Black "Kojovic, Dragan"]
[Result "1/2-1/2"]
[ECO "D36"]
[WhiteElo "2454"]
[BlackElo "2307"]
[Annotator "Knez"]
[PlyCount "96"]
[EventDate "2020.??.??"]
[TimeControl "90"]
[WhiteClock "0:00:47"]
[BlackClock "0:01:53"]

1. d4 Nf6 2. c4 e6 3. Nc3 d5 4. cxd5 exd5 5. Bg5 c6 6. e3 Be7 7. Bd3 h6 8. Bh4 Nbd7 9. Qc2 Nh5 10. Bxe7 Qxe7 11. Nge2 Ndf6 12. O-O-O g6 13. Kb1 Ng7 14. Ng3 Be6 15. Rc1 O-O-O 16. Na4 Kb8 17. Nc5 Bc8 18. Qa4 Ne6 19. Nb3 h5 20. h4 Ng4 21. Rc2 f5 22. Rhc1 Rde8 23.
Na5 Nd8 24. b4 Nxf2 25. Rxf2 Qxe3 26. Rf3 Qxd4 27. Ne2 Qxh4 28. Qb3 a6 29. Qc3 Rh7 30. Nd4 Rc7 31. Qc5 Ne6 32. Nxe6 Rxe6 33. Nb3 Qg5 34. Bf1 Re4 35. Qb6 Qg4 36. a3 Rce7 37. Na5 Ka8 38. Bxa6 Re1 39. Rfc3 bxa6 40. Qxc6+ Bb7 41. Nxb7 Rxc1+ 42. Rxc1 Qe4+ 43. Kb2 Qd4+ 44. Kb3 Qd3+ 45. Rc3 Qd1+ 46. Rc2 Qd3+ 47. Rc3 Qd1+ 48. Rc2 Qd3+ 1/2-1/2

[Event "I Liga Centralne Srbije"]
[Site "Bajina Bašta, Serbia"]
[Date "2020.10.15"]
[Round "8.6"]
[White "Ostojic, Nikola"]
[Black "Maksimovic, Bojan"]
[Result "1/2-1/2"]
[ECO "E60"]
[WhiteElo "2406"]
[BlackElo "2398"]
[Annotator "Knez"]
[PlyCount "39"]
[EventDate "2020.??.??"]
[TimeControl "90"]
[WhiteClock "0:16:49"]
[BlackClock "0:39:04"]

1. Nf3 Nf6 2. c4 g6 3. b3 Bg7 4. Bb2 O-O 5. e3 c5 6. Be2 Nc6 7. O-O d6 8. d4 cxd4 9. Nxd4 Nxd4 10. Qxd4 Bd7 11. Nc3 Bc6 12. Qd2 Nd7 13. b4 b6 14. a3 Rc8 15. Rac1 Nf6 16. Rfd1 Ba8 17. f3 Qd7 18. e4 Rfd8 19. Nd5 Nxd5 20. exd5 1/2-1/2

[Event "I Liga Centralne Srbije"]
[Site "Bajina Bašta, Serbia"]
[Date "2020.10.15"]
[Round "8.6"]
[White "Jovanovic, Dusan D"]
[Black "Solomunovic, Igor"]
[Result "1-0"]
[ECO "E90"]
[WhiteElo "2412"]
[BlackElo "2355"]
[Annotator "Knez"]
[PlyCount "61"]
[EventDate "2020.??.??"]
[TimeControl "90"]
[WhiteClock "0:01:12"]
[BlackClock "0:04:10"]

1. Nf3 Nf6 2. c4 g6 3. Nc3 Bg7 4. e4 d6 5. d4 O-O 6. h3 Na6 7. Be3 Qe8 8. c5 dxc5 9. dxc5 Nd7 10. Bxa6 bxa6 11. Qc2 Rb8 12. O-O Bb7 13. Rac1 f5 14. Nd5 Bxd5 15. exd5 e5 16. dxe6 Qxe6 17. b3 h6 18. Rfe1 Qf7 19. Bf4 Rb5 20. c6 Nb6 21. Rcd1 g5 22. Be5 Rd5 23. Rxd5 Nxd5 24. Bxg7 Kxg7 25. Qc5 Rd8 26. Nd4 Rd6 27. Re5 Kg6 28. Nxf5 Rd8 29. Rxd5 Rxd5 30. Ne7+ Kh7 31. Nxd5 1-0

[Event "I Liga Centralne Srbije"]
[Site "Bajina Bašta, Serbia"]
[Date "2020.10.15"]
[Round "8.6"]
[White "Rabrenovic, Vladan"]
[Black "Ivanovic, Marko"]
[Result "1-0"]
[ECO "B07"]
[WhiteElo "2302"]
[BlackElo "2277"]
[Annotator "Knez"]
[PlyCount "79"]
[EventDate "2020.??.??"]
[TimeControl "90"]
[WhiteClock "0:00:32"]
[BlackClock "0:03:39"]

1. d4 d6 2. Nf3 Nf6 3. Nbd2 Nbd7 4. e4 e5 5. c3 Be7 6. Bd3 c6 7. a4 O-O 8. O-O b6 9. Re1 Re8 10. h3 Qc7 11. Nf1 Bf8 12. Ng3 Bb7 13.
Bg5 h6 14. Bd2 Rad8 15. Qc2 a6 16. b3 g6 17. Bc1 Bg7 18.
dxe5 dxe5 19. Be3 Bf8 20. Nd2 Nc5 21. Bf1 h5 22. b4 Ncd7 23.
Be2 c5 24. b5 axb5 25. axb5 h4 26. Ngf1 c4 27. Bg5 Be7 28. Ne3 Nc5 29. Bxf6 Bxf6 30. Bxc4 Rxd2 31. Qxd2 Nxe4 32. Qc2 Nd6 33.
Qxg6+ Bg7 34. Qg4 e4 35. Bd5 Bc8 36. Qxh4 Nxb5 37. Bxe4 Nxc3 38. Bh7+ Kh8 39. Nf5 Rxe1+ 40. Rxe1 1-0

[Event "I Liga Centralne Srbije"]
[Site "Bajina Bašta, Serbia"]
[Date "2020.10.15"]
[Round "8.6"]
[White "Djordjevic, Nebojsa"]
[Black "Colovic, Dusan"]
[Result "1-0"]
[ECO "A41"]
[WhiteElo "2255"]
[BlackElo "2255"]
[Annotator "Knez"]
[PlyCount "61"]
[EventDate "2020.??.??"]
[TimeControl "90"]

1. d4 d6 2. c4 e5 3. e3 Nd7 4. Nc3 g6 5. Nf3 Bg7 6. Be2 Ne7 7.
O-O O-O 8. b3 Nf5 9. Bb2 exd4 10. Nxd4 Ne5 11. Nxf5 Bxf5 12. Qd2 Re8 13. Rad1 Qh4 14. Nb5 Re7 15. Nd4 Be4 16. f3 Bc6 17. Qe1 Qh6 18. Bc1 f5 19. e4 Qh5 20. f4 Ng4 21. h3 Rxe4 22. Nxc6 bxc6 23. hxg4 fxg4 24. Bxg4 Rxe1 25. Bxh5 Rxf1+ 26. Kxf1 gxh5 27. Be3 Kf7 28. Kf2 c5 29. Rd5 Kg6 30. Rg5+ Kh6 31. f5 1-0

[Event "I Liga Centralne Srbije"]
[Site "Bajina Bašta, Serbia"]
[Date "2020.10.15"]
[Round "8.6"]
[White "Mijatovic, Dusan"]
[Black "Maksimovic, Boban"]
[Result "1/2-1/2"]
[ECO "A04"]
[WhiteElo "2177"]
[BlackElo "2216"]
[Annotator "Knez"]
[PlyCount "53"]
[EventDate "2020.??.??"]
[TimeControl "90"]
[WhiteClock "0:20:37"]
[BlackClock "0:29:27"]

1. e4 e6 2. d3 c5 3. Nf3 Nc6 4. g3 g6 5. Bg2 Bg7 6. O-O Nge7 7. Re1 d6 8. c3 e5 9. a3 O-O 10. b4 b6 11. Nbd2 a6 12. Nb3 Bb7 13. Bb2 Rc8 14. Qe2 Re8 15.
Bh3 Rc7 16. Rf1 cxb4 17. axb4 d5 18. Rad1 d4 19. cxd4 exd4 20. Qd2 Qd6 21. Rc1 Bc8 22. Bg2 Be6 23. e5 Nxe5 24. Rxc7 Qxc7 25. Nbxd4 Bd5 26. Re1 N7c6 27. Nxe5 1/2-1/2